| TOP OF THE 1ST |
|
Everett AquaSox batting - Pitching for Hudson Valley Renegades : RHP Dave Navarro
|
|
Pitching: RHP Dave Navarro
|
|
|
Batting: SHB Raghnall Ahearne
|
0-0: Ground out 1-3 (Groundball, 15S, EV 72.5 MPH)
|
|
Batting: LHB Kenny Gerrity
|
0-0: Ball 1-0: Ground out 2-3 (Groundball, 2L, EV 71.2 MPH)
|
|
Batting: RHB John Peterson
|
0-0: Fly out, F4 (Popup, 34, EV 76.9 MPH)
|
| Top of the 1st over - 0 runs, 0 hits, 0 errors, 0 left on base; Everett 0 - Hudson Valley 0 |
| BOTTOM OF THE 1ST |
|
Hudson Valley Renegades batting - Pitching for Everett AquaSox : RHP Jose Albarran
|
|
Pitching: RHP Jose Albarran
|
|
|
Batting: LHB Dan Hunt
|
0-0: Called Strike 0-1: SINGLE (Groundball, 3D, EV 106.9 MPH)
|
|
Batting: RHB Jesse Haddad
|
0-0: Ball Dan Hunt is caught stealing 2nd base 2-4 1-0: Ball 2-0: Ball 3-0: Called Strike 3-1: Called Strike 3-2: Reached on error, E6 (Groundball, 6, EV 91.2 MPH)
|
|
Batting: SHB Suljo Dokic
|
0-0: Called Strike 0-1: Foul Ball, location: 2F 0-2: Ball 1-2: Foul Ball, location: 2F 1-2: Foul Ball, location: 2F 1-2: Ball 2-2: Foul Ball, location: 2F 2-2: Fly out, F9 (Flyball, 9D, EV 98.8 MPH)
|
|
Batting: LHB Isaac Bamberg
|
0-0: Ball Jesse Haddad is caught stealing 2nd base 2-6
|
| Bottom of the 1st over - 0 runs, 1 hit, 1 error, 0 left on base; Everett 0 - Hudson Valley 0 |
| TOP OF THE 2ND |
|
Everett AquaSox batting - Pitching for Hudson Valley Renegades : RHP Dave Navarro
|
|
Batting: RHB Robby Cuellar
|
0-0: SINGLE (Line Drive, 8RM, EV 101.9 MPH)
|
|
Batting: LHB Omar Colunga
|
0-0: Called Strike 0-1: Ground out 5-3 (Groundball, 56S, EV 73.8 MPH) Robby Cuellar to second
|
|
Batting: SHB Detlef Oursler
|
0-0: Ball 1-0: Foul Ball, location: 2F 1-1: Foul Ball, location: 2F 1-2: Ball 2-2: Ground out 4-3 (Groundball, 34, EV 103.1 MPH) Robby Cuellar to third
|
|
Batting: RHB Clay Statum
|
0-0: Ball 1-0: Ball Wild Pitch! Robby Cuellar scores 2-0: Called Strike 2-1: Fly out, F4 (Flyball, 34D, EV 80.6 MPH)
|
| Top of the 2nd over - 1 run, 1 hit, 0 errors, 0 left on base; Everett 1 - Hudson Valley 0 |
| BOTTOM OF THE 2ND |
|
Hudson Valley Renegades batting - Pitching for Everett AquaSox : RHP Jose Albarran
|
|
Batting: LHB Isaac Bamberg
|
0-0: Called Strike 0-1: Called Strike 0-2: Ball 1-2: Ball 2-2: SOLO HOME RUN (Flyball, 9D, EV 95.6 MPH), Distance : 386 ft
|
|
Batting: RHB Azedine Kirui
|
0-0: SINGLE (Groundball, 6D, EV 97.5 MPH)
|
|
Batting: SHB Josif Popovski
|
0-0: Ball 1-0: Ball 2-0: Ball 3-0: Called Strike 3-1: Foul Ball, location: 2F 3-2: SINGLE (Groundball, 34S, EV 72.5 MPH) (infield hit) Azedine Kirui to second
|
|
Batting: RHB Khalil Walker
|
0-0: Ball 1-0: Ball 2-0: Grounds into double play, 2-4-3 (Groundball, 2L, EV 66.9 MPH) Azedine Kirui to third
|
|
Batting: RHB Jose Bengochea
|
0-0: Called Strike 0-1: Fly out, F3 (Popup, 3, EV 70.0 MPH)
|
| Bottom of the 2nd over - 1 run, 3 hits, 0 errors, 1 left on base; Everett 1 - Hudson Valley 1 |
| TOP OF THE 3RD |
|
Everett AquaSox batting - Pitching for Hudson Valley Renegades : RHP Dave Navarro
|
|
Batting: SHB Ryan Clark
|
0-0: Called Strike 0-1: Ground out 6-3 (Groundball, 4M, EV 106.2 MPH)
|
|
Batting: RHB Omar Solis
|
0-0: Ball 1-0: Called Strike 1-1: Reached on error, E3 (Groundball, 3L, EV 79.4 MPH)
|
|
Batting: SHB Raghnall Ahearne
|
0-0: Ball 1-0: Called Strike 1-1: Ball 2-1: Ball 3-1: Foul Ball, location: 2F 3-2: Grounds into double play, 3-6-3 (Groundball, 3, EV 100.6 MPH)
|
| Top of the 3rd over - 0 runs, 0 hits, 1 error, 0 left on base; Everett 1 - Hudson Valley 1 |
| BOTTOM OF THE 3RD |
|
Hudson Valley Renegades batting - Pitching for Everett AquaSox : RHP Jose Albarran
|
|
Batting: SHB Tirta Subandrio
|
0-0: Called Strike 0-1: Called Strike 0-2: Strikes out swinging
|
|
Batting: LHB Dan Hunt
|
0-0: SINGLE (Groundball, 4MD, EV 100.6 MPH)
|
|
Batting: RHB Jesse Haddad
|
0-0: Ball Dan Hunt steals 2nd base 1-0: Ball Dan Hunt steals 3rd base 2-0: Called Strike 2-1: Swinging Strike 2-2: Foul Ball, location: 2F 2-2: Ground out 5-3 (Groundball, 56S, EV 83.1 MPH) Dan Hunt scores
|
|
Batting: SHB Suljo Dokic
|
0-0: Ground out U3 (Groundball, 3, EV 98.8 MPH)
|
| Bottom of the 3rd over - 1 run, 1 hit, 0 errors, 0 left on base; Everett 1 - Hudson Valley 2 |
| TOP OF THE 4TH |
|
Everett AquaSox batting - Pitching for Hudson Valley Renegades : RHP Dave Navarro
|
|
Batting: LHB Kenny Gerrity
|
0-0: Ball 1-0: Foul Ball, location: 2F 1-1: Swinging Strike 1-2: Fly out, F9 (Flyball, 89M, EV 90.6 MPH)
|
|
Batting: RHB John Peterson
|
0-0: Ball 1-0: Swinging Strike 1-1: Called Strike 1-2: Ball 2-2: Ball 3-2: Foul Ball, location: 2F 3-2: Fly out, F7 (Line Drive, 7D, EV 97.5 MPH)
|
|
Batting: RHB Robby Cuellar
|
0-0: Ball 1-0: Called Strike 1-1: Fly out, F8 (Line Drive, 8LM, EV 86.9 MPH)
|
| Top of the 4th over - 0 runs, 0 hits, 0 errors, 0 left on base; Everett 1 - Hudson Valley 2 |
| BOTTOM OF THE 4TH |
|
Hudson Valley Renegades batting - Pitching for Everett AquaSox : RHP Jose Albarran
|
|
Batting: LHB Isaac Bamberg
|
0-0: Called Strike 0-1: Swinging Strike 0-2: Foul Ball, location: 2F 0-2: Strikes out swinging
|
|
Batting: RHB Azedine Kirui
|
0-0: DOUBLE (Line Drive, 7LS, EV 99.4 MPH)
|
|
Batting: SHB Josif Popovski
|
0-0: Ground out 5-3 (Groundball, 56, EV 101.9 MPH)
|
|
Batting: RHB Khalil Walker
|
0-0: Called Strike 0-1: Ground out 3-1 (Groundball, 34S, EV 84.4 MPH)
|
| Bottom of the 4th over - 0 runs, 1 hit, 0 errors, 1 left on base; Everett 1 - Hudson Valley 2 |
| TOP OF THE 5TH |
|
Everett AquaSox batting - Pitching for Hudson Valley Renegades : RHP Dave Navarro
|
|
Batting: LHB Omar Colunga
|
0-0: Called Strike 0-1: Foul Ball, location: 2F 0-2: Fly out, F9 (Flyball, 9, EV 93.8 MPH)
|
|
Batting: SHB Detlef Oursler
|
0-0: Ball 1-0: TRIPLE (Flyball, 89XD, EV 88.1 MPH)
|
|
Batting: RHB Clay Statum
|
0-0: Foul Ball, location: 2F 0-1: Ball 1-1: Foul Ball, location: 2F 1-2: SINGLE (Groundball, 34, EV 101.2 MPH) Detlef Oursler scores
|
|
Batting: SHB Ryan Clark
|
0-0: Ball 1-0: Called Strike 1-1: Ball 2-1: Foul Ball, location: 2F 2-2: Ball 3-2: Foul Ball, location: 2F 3-2: Foul Ball, location: 2F 3-2: Strikes out swinging
|
|
Batting: RHB Omar Solis
|
0-0: Ball 1-0: Ball 2-0: Called Strike 2-1: Foul Ball, location: 2F 2-2: Ball 3-2: Strikes out swinging
|
| Top of the 5th over - 1 run, 2 hits, 0 errors, 1 left on base; Everett 2 - Hudson Valley 2 |
| BOTTOM OF THE 5TH |
|
Hudson Valley Renegades batting - Pitching for Everett AquaSox : RHP Jose Albarran
|
|
Batting: RHB Jose Bengochea
|
0-0: Called Strike 0-1: Swinging Strike 0-2: Ball 1-2: Strikes out swinging
|
|
Batting: SHB Tirta Subandrio
|
0-0: Called Strike 0-1: Ball 1-1: Foul Ball, location: 2F 1-2: Foul Ball, location: 2F 1-2: Strikes out swinging
|
|
Batting: LHB Dan Hunt
|
0-0: Ball 1-0: Ball 2-0: Ball 3-0: Called Strike 3-1: Foul Ball, location: 2F 3-2: Foul Ball, location: 2F 3-2: Foul Ball, location: 2F 3-2: Foul Ball, location: 2F 3-2: Base on Balls
|
|
Batting: RHB Jesse Haddad
|
0-0: Ball Dan Hunt steals 2nd base (no throw) 1-0: Ball 2-0: Foul Ball, location: 2F 2-1: TRIPLE (Line Drive, 78XD, EV 103.8 MPH) Dan Hunt scores
|
|
Batting: SHB Suljo Dokic
|
0-0: Called Strike 0-1: Called Strike 0-2: Strikes out swinging
|
| Bottom of the 5th over - 1 run, 1 hit, 0 errors, 1 left on base; Everett 2 - Hudson Valley 3 |
| TOP OF THE 6TH |
|
Everett AquaSox batting - Pitching for Hudson Valley Renegades : RHP Dave Navarro
|
|
Batting: SHB Raghnall Ahearne
|
0-0: Ball 1-0: Foul Ball, location: 2F 1-1: Foul Ball, location: 2F 1-2: Ball 2-2: Ball 3-2: Fly out, F7 (Flyball, 7, EV 87.5 MPH)
|
|
Batting: LHB Kenny Gerrity
|
0-0: Called Strike 0-1: Ball 1-1: Fly out, F7 (Flyball, 7LM, EV 83.8 MPH)
|
|
Batting: RHB John Peterson
|
0-0: DOUBLE (Groundball, 5L, EV 103.1 MPH)
|
|
Batting: RHB Robby Cuellar
|
0-0: Ball 1-0: Foul Ball, location: 2F 1-1: Swinging Strike 1-2: SINGLE (Flyball, 8RS, EV 94.4 MPH) - OUT at second base trying to stretch hit. John Peterson scores
|
| Top of the 6th over - 1 run, 2 hits, 0 errors, 0 left on base; Everett 3 - Hudson Valley 3 |
| BOTTOM OF THE 6TH |
|
Hudson Valley Renegades batting - Pitching for Everett AquaSox : RHP Jose Albarran
|
|
Batting: LHB Isaac Bamberg
|
0-0: Ball 1-0: SINGLE (Line Drive, 9S, EV 111.9 MPH)
|
|
Batting: RHB Azedine Kirui
|
0-0: Ball 1-0: Called Strike 1-1: Called Strike 1-2: Ball Wild Pitch! Isaac Bamberg to second 2-2: Foul Ball, location: 2F 2-2: Hit by Pitch
|
|
Batting: SHB Josif Popovski
|
0-0: Ball 1-0: Ball 2-0: Called Strike 2-1: Grounds into double play, 4-6-3 (Groundball, 4, EV 108.1 MPH) Isaac Bamberg to third
|
|
Batting: RHB Khalil Walker
|
0-0: Called Strike 0-1: Called Strike 0-2: Ball 1-2: Strikes out swinging
|
| Bottom of the 6th over - 0 runs, 1 hit, 0 errors, 1 left on base; Everett 3 - Hudson Valley 3 |
| TOP OF THE 7TH |
|
Everett AquaSox batting - Pitching for Hudson Valley Renegades : RHP Dave Navarro
|
|
Batting: LHB Omar Colunga
|
0-0: Ball 1-0: Ground out 5-3 (Groundball, 5, EV 85.6 MPH)
|
|
Batting: SHB Detlef Oursler
|
0-0: Ball 1-0: Foul Ball, location: 2F 1-1: Foul Ball, location: 2F 1-2: Ground out U3 (Groundball, 3L, EV 103.1 MPH)
|
|
Batting: RHB Clay Statum
|
0-0: Called Strike 0-1: Foul Ball, location: 2F 0-2: Ball 1-2: Foul Ball, location: 2F 1-2: Strikes out swinging
|
| Top of the 7th over - 0 runs, 0 hits, 0 errors, 0 left on base; Everett 3 - Hudson Valley 3 |
| BOTTOM OF THE 7TH |
|
Hudson Valley Renegades batting - Pitching for Everett AquaSox : RHP Jose Albarran
|
|
Pitching: RHP Rob Henry
|
|
|
Batting: RHB Jose Bengochea
|
0-0: Ball 1-0: Ball 2-0: Ball 3-0: Base on Balls
|
|
Batting: SHB Tirta Subandrio
|
0-0: Called Strike 0-1: Swinging Strike 0-2: Strikes out swinging
|
|
Batting: LHB Dan Hunt
|
0-0: Ball 1-0: Foul Ball, location: 2F 1-1: Foul Ball, location: 2F 1-2: Fielders Choice at 2nd, 6-4 (Groundball, 6, EV 88.8 MPH)
|
|
Batting: RHB Jesse Haddad
|
0-0: Ball Dan Hunt steals 2nd base 1-0: Ball 2-0: Foul Ball, location: 2F 2-1: Ball 3-1: Fly out, F9 (Line Drive, 9, EV 85.6 MPH)
|
| Bottom of the 7th over - 0 runs, 0 hits, 0 errors, 1 left on base; Everett 3 - Hudson Valley 3 |
| TOP OF THE 8TH |
|
Everett AquaSox batting - Pitching for Hudson Valley Renegades : RHP Dave Navarro
|
|
Batting: SHB Ryan Clark
|
0-0: Ball 1-0: Swinging Strike 1-1: Foul Ball, location: 2F 1-2: Strikes out looking
|
|
Pitching: RHP Josh McMahan
|
|
|
Batting: RHB Omar Solis
|
0-0: SINGLE (Flyball, 5D, EV 90.0 MPH)
|
|
Batting: SHB Raghnall Ahearne
|
0-0: Ball Omar Solis is caught stealing 2nd base 2-6 1-0: SINGLE (Groundball, 6MD, EV 106.9 MPH)
|
|
Batting: LHB Kenny Gerrity
|
0-0: Called Strike Raghnall Ahearne steals 2nd base (no throw) 0-1: Ball 1-1: Ground out 5-3 (Groundball, 56, EV 91.2 MPH)
|
| Top of the 8th over - 0 runs, 2 hits, 0 errors, 1 left on base; Everett 3 - Hudson Valley 3 |
| BOTTOM OF THE 8TH |
|
Hudson Valley Renegades batting - Pitching for Everett AquaSox : RHP Rob Henry
|
|
Pitching: RHP Jace Daniels
|
|
|
Batting: SHB Suljo Dokic
|
0-0: Ball 1-0: Swinging Strike 1-1: Called Strike 1-2: Strikes out looking
|
|
Batting: LHB Isaac Bamberg
|
0-0: Called Strike 0-1: Foul Ball, location: 2F 0-2: Ball 1-2: Fly out, F7 (Flyball, 7, EV 82.5 MPH)
|
|
Batting: RHB Azedine Kirui
|
0-0: Fly out, F7 (Flyball, 78S, EV 94.4 MPH)
|
| Bottom of the 8th over - 0 runs, 0 hits, 0 errors, 0 left on base; Everett 3 - Hudson Valley 3 |
| TOP OF THE 9TH |
|
Everett AquaSox batting - Pitching for Hudson Valley Renegades : RHP Josh McMahan
|
|
Batting: RHB John Peterson
|
0-0: Ball 1-0: Ball 2-0: Ball 3-0: Called Strike 3-1: Foul Ball, location: 2F 3-2: Strikes out swinging
|
|
Batting: RHB Robby Cuellar
|
0-0: Foul Ball, location: 2F 0-1: Called Strike 0-2: Ball 1-2: Ball 2-2: Ball 3-2: Base on Balls
|
|
Batting: LHB Omar Colunga
|
0-0: Grounds into double play, 6-4-3 (Groundball, 6, EV 101.2 MPH)
|
| Top of the 9th over - 0 runs, 0 hits, 0 errors, 0 left on base; Everett 3 - Hudson Valley 3 |
| BOTTOM OF THE 9TH |
|
Hudson Valley Renegades batting - Pitching for Everett AquaSox : RHP Jace Daniels
|
|
Batting: SHB Josif Popovski
|
0-0: Ball 1-0: Ground out 6-3 (Groundball, 6, EV 92.5 MPH)
|
|
Pinch Hitting: LHB Killian Chaumont
|
0-0: Ball 1-0: Ball 2-0: Ball 3-0: Called Strike 3-1: Called Strike 3-2: Foul Ball, location: 2F 3-2: Strikes out looking
|
|
Pinch Hitting: RHB Freddy Mullen
|
0-0: Called Strike 0-1: Hit by Pitch
|
|
Batting: SHB Tirta Subandrio
|
0-0: Ball 1-0: Ball 2-0: Swinging Strike 2-1: Ball 3-1: Swinging Strike 3-2: Base on Balls Freddy Mullen to second
|
|
Batting: LHB Dan Hunt
|
0-0: Foul Ball, location: 2F 0-1: Called Strike 0-2: Ball 1-2: Foul Ball, location: 2F 1-2: SINGLE (Groundball, 6M, EV 98.1 MPH) Freddy Mullen to third Tirta Subandrio to second Runner from 3rd tries for Home, SAFE, throw by CF to home
|
| Bottom of the 9th over - 1 run, 1 hit, 0 errors, 0 left on base; Everett 3 - Hudson Valley 4 |
| |
|
Game Over ... Hudson Valley defeats Everett, 4 to 3
|
|
|